 Dungeon Crawl Stone Soup version 0.28.0-53-g5a82cb258f (webtiles) character file.

Game seed: 618543524125620684

9075 Faeu the Severer (level 11, 0/99 (107) HPs)
             Began as a Minotaur Berserker on May 23, 2022.
             Was a High Priest of Trog.
             Slain by a wight
             ... wielding a +0 mace
              (8 damage)
             ... on level 8 of the Dungeon.
             The game lasted 00:24:19 (9373 turns).

Faeu the Severer (Minotaur Berserker)               Turns: 9373, Time: 00:24:21

HP:   0/99 (107)    AC: 12    Str: 33    XL:     11   Next: 18%
MP:   10/10         EV: 12    Int:  4    God:    Trog [*****.]
Gold: 569           SH:  0    Dex:  9    Spells: 10/10 levels left

rFire   . . .      SeeInvis .   v - +2 dire flail (protect) {mace}
rCold   . . .      Faith    .   (shield currently unavailable)
rNeg    . . .      Spirit   .   J - +0 plate armour
rPois   .          Reflect  .   (helmet restricted)
rElec   .          Harm     .   (no cloak)
rCorr   .          Rampage  .   (no gloves)
Will    .....                   n - +0 pair of boots
Stlth   ..........              (no amulet)
HPRegen 0.26/turn               z - +6 ring of strength
MPRegen 0.12/turn               r - +4 ring of evasion

@: mighty, on berserk cooldown, slowed, drained, very slow
A: horns 2, retaliatory headbutt
a: Renounce Religion, Berserk, Trog's Hand, Brothers in Arms


You were on level 8 of the Dungeon.
You worshipped Trog.
Trog was extremely pleased with you.
You visited 1 branch of the dungeon, and saw 10 of its levels.
You also visited: Bailey.

You collected 569 gold pieces.


Innate Abilities, Weirdness & Mutations

You have a pair of horns on your head.
You reflexively headbutt those who attack you in melee.


   Skills:
 - Level 13.0 Fighting
 + Level 16.6 Axes
 - Level 2.4 Armour
 - Level 2.1 Dodging


You had 10 spell levels left.
You didn't know any spells.
Your spell library contained the following spells:

 Spells                   Type           Power      Damage    Failure   Level
 Sandblast                Erth           0%         2d4       99%         1
 Passwall                 Tmut/Erth      0%         N/A       100%        2
 Stone Arrow              Conj/Erth      0%         3d7       100%        3

Inventory:

Hand Weapons
 a - a +0 hand axe {axe}
 e - a +1 whip of venom {mace}
   (You found it on level 1 of the Dungeon)
 v - a +2 dire flail of protection (weapon) {mace}
   (You took it off Edmund on level 5 of the Dungeon)
Missiles
 H - 6 boomerangs (quivered) {throwing}
Armour
 b - a +0 animal skin
 g - a +0 chain mail
   (You took it off Terence on level 2 of the Dungeon)
 n - a +0 pair of boots (worn)
   (You found it on level 4 of the Dungeon)
 C - a +3 leather armour
   (You took it off a hobgoblin in a bailey)
 J - a +0 plate armour (worn)
   (You found it on level 6 of the Dungeon)
Jewellery
 k - a ring of protection from cold
   (You took it off a hobgoblin on level 3 of the Dungeon)
 r - a +4 ring of evasion (right hand)
   (You found it on level 5 of the Dungeon)
 x - a ring of magical power
   (You found it on level 6 of the Dungeon)
 z - a +6 ring of strength (left hand)
   (You found it on level 6 of the Dungeon)
 G - a ring of protection from cold
   (You found it on level 8 of the Dungeon)
Wands
 y - a wand of polymorph (10)
   (You found it on level 6 of the Dungeon)
 I - a wand of charming (9)
   (You found it on level 8 of the Dungeon)
Scrolls
 c - 3 scrolls of enchant weapon
 q - a scroll of fear
 s - a scroll of teleportation {@r4}
 t - a scroll of holy word
 u - 3 scrolls of acquirement
 w - 2 scrolls of enchant armour {unknown}
 A - a scroll of fog {unknown}
 B - 2 scrolls of identify {@r1}
 F - a scroll of noise {unknown}
Potions
 d - a potion of attraction {unknown}
 f - a potion of lignification {!q}
 h - 3 potions of invisibility
 i - a potion of ambrosia {unknown}
 j - 2 potions of degeneration {unknown}
 l - 3 potions of might
 m - 4 potions of curing {@q1}
 o - 2 potions of mutation {unknown}
 p - 2 potions of haste {unknown}
 D - a potion of experience {unknown}
 E - a potion of brilliance {unknown}

Dungeon Overview and Level Annotations

Branches:
Dungeon (10/15)            Temple (0/1) D:7            Lair (0/6) D:9
 Bailey (visited)
    Orc: D:9-12

Altars:
Cheibriados
Xom
Yredelemnul

Annotations:
D:5 2 runed translucent doors

... #>.#
#.# #. #.#
#..# #.# #.
##..#
#.######.
#..##
#......#.
#..#
######...
#..# #..#
#..# #..#
#..# #.>#
#.@# #..#
#.....z...#
#####.†#
#.###.#.#.#
#......# #
#.....
#.###.##
#.. ... #.
##....#.#
#. .# .. .
.. .. ##.
#. ##


You could see a wight.


Message History

You take 1 damage, and now have 10/100 hp.
You feel sick. 😱 HP[-2]
You take 2 damage, and now have 8/100 hp.
You feel sick.
The killer bee barely misses you. 😱 HP[-1]
You take 1 damage, and now have 7/100 hp.
You feel sick.
The killer bee stings you but does no damage.
You feel sick. The killer bee barely misses you. You furiously retaliate!
You headbutt the killer bee. 😱 HP[-1]
You take 1 damage, and now have 6/100 hp.
It was a potion of curing.
You feel better. The killer bee stings you.
* * * LOW HITPOINT WARNING * * *
The killer bee stings you.
* * * LOW HITPOINT WARNING * * *
😱 HP[-1]
You take 1 damage, and now have 5/100 hp.
You feel better. The killer bee barely misses you. You furiously retaliate!
You headbutt the killer bee!
You kill the killer bee!
Trog accepts your kill.
The wight completely misses you. 😱 HP[+8]
You now have 101 max hp (+1).
You regained 8 hp, and now have 13/101 hp.
Unknown command.
The wight hits you from afar with a +5 halberd.
* * * LOW HITPOINT WARNING * * *
You feel drained.
* * * LOW HITPOINT WARNING * * *
Things that are here:
a +0 leather armour; a +0 club {mace}; 😱 HP[-6]
You now have 99 max hp (-2).
You take 6 damage, and now have 7/99 hp.
Items here: )) [[ †. 😱 HP[+1] 😱 HP[+1]
There is a stone staircase leading down here. 😱 HP[+1]
You climb downwards.
Reactivating autopickup.
There is a stone staircase leading up here.
As you read the scroll of fear, it crumbles to dust.
You assume a fearsome visage.
The orc warrior looks frightened!
The orc wizard looks frightened!
The orc looks frightened!
The orc wizard looks frightened!
The wyvern looks frightened!
The orc wizard casts a spell.
The orc wizard flickers and vanishes!
Deactivating autopickup; reactivate with Ctrl-A.
The orc wizard gestures wildly while chanting.
The orc wizard flickers and vanishes! 😱 HP[+1] Cornered, the orc warrior turns to fight!
There is a stone staircase leading up, spattered with blood here. 😱 HP[+1]
The orc warrior hits you but does no damage.
You climb upwards.
Reactivating autopickup.
There is a stone staircase leading down, spattered with blood here.
You see here a +0 dagger {short}. 😱 HP[+1]
You miss the killer bee.
The killer bee stings you but does no damage.
The killer bee misses you. You furiously retaliate!
You headbutt the killer bee! You closely miss the killer bee.
Your headbutt misses the killer bee. The killer bee stings you.
* * * LOW HITPOINT WARNING * * *
😱 HP[-4]
You take 4 damage, and now have 9/99 hp.
A red film seems to cover your vision as you go berserk!
You feel yourself moving faster!
You feel mighty! The killer bee barely misses you.
The killer bee stings you but does no damage. 😱 HP[+5]
You now have 148 max hp (+49).
You regained 5 hp, and now have 14/148 hp.
You closely miss the killer bee. You headbutt the killer bee!
You kill the killer bee!
Trog accepts your kill. 😱 HP[+1]
You feel a strong urge to attack something.
You feel your anger nearly subside.
You are no longer berserk.
You are exhausted.
You feel yourself slow down. 😱 HP[-5]
You now have 99 max hp (-49). 😱 HP[+1]
A wight comes into view. It is wielding a +0 mace.
It was a potion of might.
You feel very mighty all of a sudden.
You barely miss the wight. Your headbutt misses the wight.
The wight hits you with a +0 mace.
* * * LOW HITPOINT WARNING * * *
😱 HP[-3]
You take 3 damage, and now have 8/99 hp.
You barely miss the wight. The wight hits you with a +0 mace!
You die...

Skill      XL: |  1  2  3  4  5  6  7  8  9 10 11 |
---------------+----------------------------------+-----
Fighting       | 4 5 6 7 8 10 12 13 | 13.0
Axes           | 4 5 6 7 8 10 12 15 16 | 16.6
Armour         | |  2.4
Dodging        | |  2.1

Action                   |  1- 3 |  4- 6 |  7- 9 | 10-12 || total
-------------------------+-------+-------+-------+-------++-------
Melee: Hand axe          |    46 |    64 |       |       ||   110
       Headbutt          |     6 |    27 |    44 |    32 ||   109
       Whip              |       |    90 |    44 |       ||   134
       Dire flail        |       |       |   166 |   153 ||   319
Invok: Berserk           |     2 |     2 |     3 |     2 ||     9
  Use: Scroll            |       |       |     5 |     2 ||     7
       Potion            |       |       |       |     4 ||     4
 Stab: Sleeping          |     1 |       |       |       ||     1
       Distracted        |       |       |     1 |       ||     1
Armor: Animal skin       |     2 |       |       |       ||     2
       Chain mail        |     1 |    75 |    63 |    26 ||   165
       Skin              |       |       |       |     5 ||     5
       Plate armour      |       |       |       |    20 ||    20
Dodge: Dodged            |    30 |    50 |   112 |    68 ||   260

Levels and vault maps discovered:
D:1:      eino_arrival_cavern_a, layout_basic, shapermc_ecumenical_altar_gd,
          serial_rivers, chequers_serial_rivers_micro_e,
          chequers_serial_rivers_small_3, chequers_serial_rivers_small_a,
          chequers_serial_rivers_micro_d, chequers_serial_rivers_micro_a,
          chequers_serial_rivers_small_b
D:2:      minmay_skewed_foursquare, layout_rooms, uniq_terence, uniq_natasha
D:3:      layout_rooms
D:4:      minmay_opposing_rooms, layout_gridville, tgw_xom
D:5:      layout_loops_corners, jmf_multi_god_temple2, minivault_1, uniq_edmund
D:6:      wad_crossroads, layout_basic, serial_glass, glass_columns_a,
          glass_columns_b
D:7:      layout_layer_cave, temple_fountains, minmay_misc_feat_roman
D:8:      layout_loops_ring, minmay_shop_damaged
D:9:      layout_basic, zin_purify, mainiacjoe_overflow_six_doors_small,
          dpeg_lair_monsters, minmay_the_grid_2x2 [minmay_the_grid_box_x,
          minmay_the_grid_doors, minmay_the_grid_holed_spiral,
          minmay_the_grid_prize_shrinking_boxes]
D:10:     layout_roguey, mainiacjoe_overflow_alcove_2, enter_bailey_3

Notes
Turn   | Place    | Note
-------+----------+-------------------------------------------
     0 | D:1      | Faeu the Minotaur Berserker began the quest for the Orb.
     0 | D:1      | Reached XP level 1. HP: 19/19 MP: 0/0
     0 | D:1      | magus.rc [v1.9.6]
   242 | D:1      | Found a faded altar of an unknown god.
   259 | D:1      | HP: 3/20 [frozen (3)]
   578 | D:1      | Reached skill level 4 in Fighting
   578 | D:1      | Reached skill level 4 in Axes
   585 | D:1      | Reached XP level 2. HP: 25/27 MP: 1/1
  1246 | D:2      | Noticed Terence
  1254 | D:2      | Killed Terence
  1255 | D:2      | Reached XP level 3. HP: 24/34 MP: 2/2
  1632 | D:2      | Noticed Natasha
  1634 | D:2      | Killed Natasha
  1635 | D:2      | Reached skill level 5 in Fighting
  1635 | D:2      | Reached skill level 5 in Axes
  1635 | D:2      | Reached XP level 4. HP: 36/42 MP: 3/3
  1691 | D:2      | Noticed Natasha
  1695 | D:2      | Killed Natasha
  1832 | D:2      | Reached ** piety under Trog
  1833 | D:2      | Reached XP level 5. HP: 48/48 MP: 4/4
  2614 | D:4      | Reached skill level 6 in Fighting
  2614 | D:4      | Reached skill level 6 in Axes
  2678 | D:4      | You pick up a book of Geomancy {forbidden} and begin
                  | reading...
  2678 | D:4      | You add the spells Sandblast, Passwall and Stone Arrow to
                  | your library.
  2690 | D:4      | Noticed a necrophage
  2751 | D:3      | Killed a necrophage
  2752 | D:3      | Reached XP level 6. HP: 58/58 MP: 5/5
  2953 | D:4      | Found a shimmering altar of Xom.
  3302 | D:5      | Entered Level 5 of the Dungeon
  3311 | D:5      | Reached skill level 7 in Axes
  3424 | D:5      | Reached skill level 7 in Fighting
  3425 | D:5      | Found a large runed translucent door.
  3431 | D:5      | Found a large runed translucent door.
  3630 | D:5      | Reached XP level 7. HP: 62/66 MP: 6/6
  3885 | D:5      | Reached *** piety under Trog
  4147 | D:5      | Noticed Edmund
  4162 | D:5      | Killed Edmund
  4324 | D:5      | Reached skill level 8 in Fighting
  4324 | D:5      | Reached skill level 8 in Axes
  4809 | D:6      | Reached XP level 8. HP: 56/75 MP: 7/7
  4951 | D:6      | Reached skill level 9 in Fighting
  4951 | D:6      | Reached skill level 9 in Axes
  5559 | D:7      | Reached skill level 10 in Fighting
  5559 | D:7      | Reached skill level 10 in Axes
  5712 | D:7      | Found a staircase to the Ecumenical Temple.
  5858 | D:7      | You fall into a shaft and drop 3 floors!
  5858 | D:10     | Entered Level 10 of the Dungeon
  5859 | D:10     | Identified 3 scrolls of acquirement
  6121 | D:10     | Reached XP level 9. HP: 86/86 MP: 8/8
  6129 | D:10     | Reached skill level 11 in Fighting
  6129 | D:10     | Reached skill level 11 in Axes
  6144 | D:10     | Found a flagged portal.
  6157 | Bailey   | Entered a bailey
  6185 | Bailey   | Reached **** piety under Trog
  6226 | Bailey   | Noticed an orc knight
  6256 | Bailey   | HP: 23/133 [orc knight/+0 battleaxe (17)]
  6258 | Bailey   | Killed an orc knight
  6571 | Bailey   | Reached skill level 12 in Axes
  6580 | Bailey   | Reached skill level 12 in Fighting
  6653 | Bailey   | Noticed an orc knight
  6664 | Bailey   | Killed an orc knight
  6665 | Bailey   | Reached XP level 10. HP: 45/100 MP: 9/9
  6948 | Bailey   | Noticed an orc warlord
  7099 | D:10     | Found a basalt altar of Yredelemnul.
  7202 | D:10     | Noticed a two-headed ogre
  7204 | D:10     | Killed a two-headed ogre
  7205 | D:10     | Reached skill level 13 in Fighting
  7205 | D:10     | Reached skill level 13 in Axes
  7354 | D:9      | Noticed a death yak
  7354 | D:9      | Found a staircase to the Lair.
  7355 | D:9      | Noticed a death yak
  7374 | D:9      | Killed a death yak
  7375 | D:9      | Noticed a death yak
  7386 | D:9      | Reached skill level 14 in Axes
  7393 | D:9      | Killed a death yak
  7407 | D:9      | HP: 23/101 [death yak (17)]
  7409 | D:9      | HP: 8/151 [death yak (12)]
  7410 | D:9      | Killed a death yak
  7411 | D:9      | Reached skill level 15 in Axes
  7898 | D:9      | Found a snail-covered altar of Cheibriados.
  8043 | D:8      | Reached XP level 11. HP: 99/107 MP: 10/10
  8113 | D:8      | Reached skill level 16 in Axes
  9326 | D:8      | HP: 22/101 [poisoned by a killer bee]
  9328 | D:8      | Reached ***** piety under Trog
  9330 | D:8      | HP: 10/100 [poisoned by a killer bee]
  9335 | D:8      | HP: 7/100 [killer bee (4)]
  9362 | D:8      | HP: 9/99 [killer bee (4)]
  9372 | D:8      | HP: 8/99 [wight/+0 mace (4)]
  9373 | D:8      | Slain by a wight

Vanquished Creatures
  A two-headed ogre (D:10)
  3 death yaks (D:9)
  2 orc knights (Bailey)
  19 yaks
  A wraith (D:10)
  Edmund (D:5)
  A water moccasin (D:6)
  2 necrophages
  A black bear (D:6)
  7 orc warriors
  A sky beast (D:6)
  2 ogres (D:6)
  A centaur (D:7)
  A bullfrog (D:8)
  2 kobold brigands
  A scorpion (D:7)
  A water moccasin zombie (D:7)
  2 killer bees (D:8)
  A wight (D:8)
  3 howler monkeys (D:7)
  2 orc priests (D:8)
  4 centaur zombies
  2 hounds (D:4)
  2 bullfrog skeletons (D:5)
  A jelly (D:5)
  A gnoll shaman (D:5)
  Terence (D:2)
  Natasha (twice) (D:2)
  5 iguanas
  5 orc wizards
  A killer bee zombie (D:8)
  A howler monkey skeleton (D:6)
  8 adders
  9 gnolls
  A white imp (D:5)
  2 dart slugs (D:4)
  28 orcs
  6 bats
  10 endoplasms
  3 giant cockroaches
  13 hobgoblins
  8 jackals
  A quokka (D:1)
  7 ball pythons
  6 frilled lizards
  19 goblins
  11 kobolds
  9 rats
221 creatures vanquished.

Vanquished Creatures (others)
  3 demonic plants (D:1)
  2 plants (D:1)
5 creatures vanquished.

Grand Total: 226 creatures vanquished

Table legend:
 A = Non-vault XP
 B = Vault XP
 C = Vault XP percentage of total XP
 D = Non-vault monster count
 E = Vault monster count
 F = Vault count percentage of total count
                 A         B        C        D         E       F
            +---------+---------+-------+---------+---------+-------
      Total |    6650 |    6315 |  48.7 |     147 |      74 |  33.5
            +---------+---------+-------+---------+---------+-------
        D:1 |      30 |       0 |   0.0 |      19 |       0 |   0.0
        D:2 |      78 |      94 |  54.7 |      15 |       8 |  34.8
        D:3 |      26 |     134 |  83.8 |      16 |       2 |  11.1
        D:4 |     120 |      96 |  44.4 |       8 |      14 |  63.6
        D:5 |     381 |     166 |  30.3 |      25 |       1 |   3.8
        D:6 |     431 |     384 |  47.1 |       9 |       4 |  30.8
        D:7 |     605 |       0 |   0.0 |      11 |       0 |   0.0
        D:8 |    2443 |       0 |   0.0 |      27 |       0 |   0.0
        D:9 |     267 |    3439 |  92.8 |       8 |       8 |  50.0
       D:10 |    2269 |       7 |   0.3 |       9 |       4 |  30.8
     Bailey |       0 |    1995 | 100.0 |       0 |      33 | 100.0
            +---------+---------+-------+---------+---------+-------

Illustrated notes

Table legend:
 A = Kills in this place as a percentage of kills in entire the game.
 B = Kills by you in this place as a percentage of kills by you in the entire game.
 C = Kills by friends in this place as a percentage of kills by friends in the entire game.
 D = Other kills in this place as a percentage of other kills in the entire game.
 E = Experience gained in this place as a percentage of experience gained in the entire game.
 F = Experience gained in this place divided by the number of levels of this place that you have seen.
                   A       B       C       D       E      F
               +-------+-------+-------+-------+-------+----------------------
         Total | 100.0 | 100.0 |   N/A |   N/A | 100.0 | 1178.6
       Dungeon |  85.1 |  85.1 |   N/A |   N/A |  84.6 | 1097.0
        Bailey |  14.9 |  14.9 |   N/A |   N/A |  15.4 | 1995.0
               +-------+-------+-------+-------+-------+----------------------

Table legend: (Time is in decaauts)
 A = Elapsed time spent in this place.
 B = Non-inter-level travel time spent in this place.
 C = Inter-level travel time spent in this place.
 D = Time resting spent in this place.
 E = Time spent auto-exploring this place.
 F = Levels seen in this place.
 G = Mean time per level.
                   A        B        C        D        E       F      G
               +--------+--------+--------+--------+--------+-----+--------+
         Total |   9446 |   9222 |    224 |   1793 |   5423 |  11 |  858.7 |
       Dungeon |   8596 |   8372 |    224 |   1331 |   5299 |  10 |  859.6 |
        Bailey |    850 |    850 |      0 |    462 |    124 |   1 |  850.0 |
               +--------+--------+--------+--------+--------+-----+--------+

Top non-repeatable levels by time:
     D:5: 1263 daAuts
     D:1: 1186 daAuts
     D:7: 1183 daAuts
     D:6: 1010 daAuts
     D:2: 870 daAuts
  Bailey: 850 daAuts
     D:4: 819 daAuts
    D:10: 669 daAuts
     D:9: 647 daAuts
     D:3: 479 daAuts
     D:8: 466 daAuts
